 Dungeon Crawl Stone Soup version 0.25-a0-690-g234afa5 (webtiles) character file.

Game seed: 6393123314150820699, levelgen mode: deterministic

99 Faca the Skirmisher (level 5, -8/42 HPs)
             Began as a Human Fighter on Mar 30, 2020.
             Mangled by an ogre
             ... wielding a +0 giant spiked club
              (30 damage)
             ... on level 4 of the Dungeon.
             The game lasted 00:03:12 (1701 turns).

Faca the Skirmisher (Human Fighter)                 Turns: 1701, Time: 00:03:12

Health: -8/42      AC:  6    Str: 17    XL:     5   Next: 2%
Magic:  5/5        EV:  7    Int:  9    God:
Gold:   80         SH: 10    Dex: 12    Spells: 4/4 levels left

rFire    . . .     SeeInvis .   a - +1 flail
rCold    . . .     Gourm    .   c - +1 kite shield
rNeg     . . .     Faith    .   b - +0 scale mail
rPois    .         Spirit   .   (no helmet)
rElec    .         Reflect  .   (no cloak)
rCorr    .         Harm     .   (no gloves)
MR       .....                  (no boots)
Stlth    ..........             (no amulet)
HPRegen  0.14/turn              (no ring)
MPRegen  0.09/turn              (no ring)

@: mighty
A: no striking features
a: no special abilities


You were on level 4 of the Dungeon.
You were not hungry.

You visited 1 branch of the dungeon, and saw 3 of its levels.

You collected 80 gold pieces.

Inventory:

Hand Weapons
 a - a +1 flail (weapon)
Missiles
 m - a throwing net (quivered)
Armour
 b - a +0 scale mail (worn)
 c - a +1 kite shield (worn)
Scrolls
 e - a scroll of enchant weapon
 l - a scroll of identify
 n - a scroll of teleportation
Potions
 h - a potion of flight
 i - a potion of heal wounds
 j - a potion of curing {unknown}
 k - a potion of ambrosia {unknown}
Comestibles
 f - 4 rations
 g - 2 chunks of flesh


   Skills:
 + Level 4.3 Fighting
 + Level 3.6 Maces & Flails
 - Level 3.0 Armour
 - Level 3.0 Shields


You had 4 spell levels left.
You didn't know any spells.
Your spell library was empty.

Dungeon Overview and Level Annotations

Branches:
Dungeon (2/15)

Altars:


Message History

You start resting.
Eating one of 3 chunks of flesh.
You eat one of the 3 chunks of flesh.
This raw flesh tastes terrible.
HP restored.
You see here a stone.
You now have 80 gold pieces (gained 10).
You open the door.
You fall into a shaft and drop 2 floors!
The shaft crumbles and collapses.
An ogre comes into view. It is wielding a +0 giant spiked club.
The ogre shouts!
Found 17 gold pieces.
You feel very mighty all of a sudden.
You thump the ogre!
The ogre is severely wounded.
The ogre hits you with a +0 giant spiked club!!
You hit the ogre.
The ogre is almost dead.
The ogre hits you with a +0 giant spiked club!!
Ouch! That really hurt!
You die...

#........#
#......$.
#.......#
#.......#
#.......#
#.......#
#....O..#
#....@..#
#########


You could see an ogre.

Vanquished Creatures
  4 gnolls
  2 adders
  2 worms (D:2)
  2 dart slugs (D:1)
  A ball python (D:1)
  A giant cockroach (D:1)
  4 goblins
  6 hobgoblins
  4 kobolds
  4 bats
  A frilled lizard (D:1)
  3 rats
  A bush (D:1)
35 creatures vanquished.

Notes
Turn   | Place    | Note
-------+----------+-------------------------------------------
     0 | D:1      | Faca the Human Fighter began the quest for the Orb.
     0 | D:1      | Reached XP level 1. HP: 18/18 MP: 1/1
   237 | D:1      | Reached XP level 2. HP: 16/24 MP: 2/2
   605 | D:1      | Reached XP level 3. HP: 29/29 MP: 3/3
  1153 | D:2      | Reached skill level 4 in Fighting
  1153 | D:2      | Reached XP level 4. HP: 34/37 MP: 4/4
  1612 | D:2      | Found a faded altar of an unknown god,
  1642 | D:2      | Reached XP level 5. HP: 41/42 MP: 5/5
  1697 | D:2      | You fall into a shaft and drop 2 floors!
  1697 | D:4      | Noticed an ogre
  1701 | D:4      | Mangled by an ogre

Levels and vault maps discovered:
D:1:      dpeg_arrival_radiant, layout_loops_ring, serial_forest,
          infiniplex_forest_clump_small, infiniplex_forest_lined_room_3,
          infiniplex_forest_clump_curved, infiniplex_forest_clump_C,
          infiniplex_forest_diagonal, infiniplex_forest_clump_medium
D:2:      layout_loops_corners, chequers_ecumenical_altar_grove
D:4:      layout_basic, eat_drink_and_be_merry_uskayaw, first_ration,
          uniq_pikel, uniq_sigmund

Skill      XL: |  1  2  3 |
---------------+----------+-----
Maces & Flails | 3 |  3.6
Fighting       | 4 |  4.3
Armour         | |  3.0
Shields        | |  3.0

Action                   |  1- 3 |  4- 6 || total
-------------------------+-------+-------++-------
Melee: Flail             |   133 |    31 ||   164
Throw: Throwing net      |       |     1 ||     1
  Use: Scroll            |     7 |       ||     7
       Potion            |     1 |     1 ||     2
  Eat: Chunk             |     1 |     2 ||     3
Armor: Scale mail        |    26 |     4 ||    30
Dodge: Dodged            |    25 |     4 ||    29
Block: Kite shield       |    33 |    14 ||    47

Table legend:
 A = Non-vault XP
 B = Vault XP
 C = Vault XP percentage of total XP
 D = Non-vault monster count
 E = Vault monster count
 F = Vault count percentage of total count
                 A         B        C        D         E       F
            +---------+---------+-------+---------+---------+-------
      Total |     142 |       0 |   0.0 |      34 |       0 |   0.0
            +---------+---------+-------+---------+---------+-------
        D:1 |      67 |       0 |   0.0 |      23 |       0 |   0.0
        D:2 |      75 |       0 |   0.0 |      11 |       0 |   0.0
            +---------+---------+-------+---------+---------+-------
